 Dungeon Crawl Stone Soup version 0.21-a0-437-ge5bf024 (webtiles) character file.

44 slep the Skirmisher (level 3, 0/29 HPs)
             Began as a Demonspawn Berserker on Nov 10, 2017.
             Was a Believer of Trog.
             Killed from afar by a dart slug (4 damage)
             ... with a slug dart
             ... on level 2 of the Dungeon.
             The game lasted 00:04:01 (911 turns).

slep the Skirmisher (Demonspawn Berserker)           Turns: 911, Time: 00:04:02

Health: 0/29       AC:  2    Str: 17    XL:     3   Next: 41%
Magic:  3/3        EV: 14    Int:  8    God:    Trog [**....]
Gold:   58         SH:  0    Dex: 13    Spells: 2/2 levels left

rFire    . . .     SeeInvis .   a - +0 falchion
rCold    . . .     Gourm    .   (no shield)
rNeg     . . .     Faith    .   b - +0 animal skin
rPois    .         Spirit   .   (no helmet)
rElec    .         Reflect  .   (no cloak)
rCorr    .         Harm     .   (no gloves)
MR       ++...                  (no boots)
Stlth    +.........             (no amulet)
HPRegen  1.09/turn              (no ring)
MPRegen  0.08/turn              (no ring)

@: lethally poisoned (0 -> -1), regenerating
A: repulsion field 1
a: Berserk, Trog's Hand, Burn Spellbooks, Renounce Religion


You were on level 2 of the Dungeon.
You worshipped Trog.
Trog was pleased with you.
You were hungry.

You visited 1 branch of the dungeon, and saw 2 of its levels.

You collected 58 gold pieces.

Inventory:

Hand Weapons
 a - a +0 falchion (weapon)
 j - a +1 short sword of draining
Armour
 b - a +0 animal skin (worn)
Scrolls
 d - 3 scrolls of amnesia {unknown}
 e - a scroll of identify {unknown}
 g - a scroll of remove curse {unknown}
 i - 2 scrolls of noise {unknown}
Comestibles
 c - 2 bread rations
 f - 2 meat rations
 h - a royal jelly


   Skills:
 + Level 3.5 Fighting
 + Level 3.4 Long Blades
 + Level 2.0 Armour
 + Level 1.9 Dodging


You had 2 spell levels left.
You didn't know any spells.

Dungeon Overview and Level Annotations

Branches:
Dungeon (2/15)

Altars:


Innate Abilities, Weirdness & Mutations

You are surrounded by a mild repulsion field. (EV +2)


Message History

The dart slug is moderately wounded.
* * * LOW HITPOINT WARNING * * *
You feel sick. The dart slug bites you.
* * * LOW HITPOINT WARNING * * *
Unknown command.
Your skin crawls.
You feel resistant to hostile enchantments.
You are feeling hungry.
A jackal comes into view.
The jackal barks!
You hit the dart slug.
The dart slug is almost dead.
You feel sick.
You hear a bark!
The dart slug barely misses you.
You hit the dart slug but do no damage.
The dart slug is almost dead.
The dart slug launches a dart at you. The slug dart hits you!
You die...

#<.........
#).........
#..........
#..........
#..........
#..........
#.[........
###.###.###
.#### #@.#
..#
......##w##
.#
h.?....h.#
#
..#.##.#..#
#..#.# ...
... .#.#
(... ....
...#.. ..
#. .... .


You could see a dart slug and a jackal.

Vanquished Creatures
  An adder (D:2)
  An ooze (D:1)
  A worm (D:2)
  A dart slug (D:1)
  A leopard gecko (D:1)
  A giant cockroach (D:1)
  3 hobgoblins (D:1)
  4 bats (D:1)
  A frilled lizard (D:2)
  6 goblins
  5 kobolds (D:1)
  2 rats (D:1)
27 creatures vanquished.

Notes
Turn   | Place    | Note
-------+----------+-------------------------------------------
     0 | D:1      | slep the Demonspawn Berserker began the quest for the Orb.
     0 | D:1      | Reached XP level 1. HP: 18/18 MP: 1/1
   275 | D:1      | Gained mutation: You are surrounded by a mild repulsion field. (EV +2) [demonic ancestry]
   275 | D:1      | Reached XP level 2. HP: 10/24 MP: 2/2
   801 | D:1      | Reached XP level 3. HP: 22/29 MP: 3/3
   874 | D:2      | Reached ** piety under Trog
   908 | D:2      | HP: 1/29 [dart slug (1)]
   911 | D:2      | Killed from afar by a dart slug

Vault maps used:
D:1:      dpeg_arrival_chambers_temple_mockup
D:2:      first_bread

Skill      XL: |  1  2 |
---------------+-------+-----
Armour         | 2 |  2.0
Long Blades    | 3 |  3.4
Fighting       | |  3.5
Dodging        | |  1.9

Action                   || total
-------------------------++-------
Melee: Falchion          ||    81
Invok: Trog's Hand       ||     1
Armor: Animal skin       ||    11
Dodge: Dodged            ||    52
       Rpst.: Falchion   ||    24

Table legend:
 A = Spawn XP
 B = Non-spawn XP
 C = Spawn XP percentage of total XP
 D = Spawn monster count
 E = Non-spawn monster count
 F = Spawn count percentage of total count
 G = Total turns spent on level
                    A         B        C        D         E        F      G
               +---------+---------+-------+---------+---------+-------+---------
         Total |       0 |      64 |   0.0 |       0 |      27 |   0.0 |   911
               +---------+---------+-------+---------+---------+-------+---------
           D:1 |       0 |      41 |   0.0 |       0 |      22 |   0.0 |   858
           D:2 |       0 |      23 |   0.0 |       0 |       5 |   0.0 |    53
               +---------+---------+-------+---------+---------+-------+---------
